 Seeded DCSS version 0.30-a0-121-gb27577e5d9 (webtiles) character file.

Game seed: 10372630043238861288 (custom seed)

1318 NinjaNoafa the Cleaver (level 8, -1/71 (75) HPs)
             Began as a Hill Orc Monk on Sept 14, 2022.
             Was a Priest of Ru.
             Slain by a hornet (7 damage)
             ... on level 6 of the Dungeon.
             The game lasted 00:10:23 (6362 turns).

NinjaNoafa the Cleaver (Hill Orc Monk)              Turns: 6362, Time: 00:10:23

HP:   -1/71 (75)    AC: 11    Str: 22    XL:     8   Next: 59%
MP:   8/8           EV:  8    Int: 10    God:    Ru [***...]
Gold: 180           SH:  0    Dex: 13    Spells: 7/7 levels left

rFire   . . .      SeeInvis .    a - +3 hand axe
rCold   . . .      Faith    .    (no shield)
rNeg    . . .      Spirit   .    s - +0 chain mail
rPois   .          Reflect  .    (no helmet)
rElec   .          Harm     .    (no cloak)
rCorr   .          Rampage  .    (no gloves)
Will    .....                    j - +0 pair of boots
Stlth   ..........               t - amulet of the acrobat
HPRegen 0.21/turn                u - +6 ring of strength
MPRegen 0.11/turn                (no ring)

@: lethally poisoned (-1 -> -21), exhausted, slowed, studying Unarmed Combat,
drained, unable to drink, very slow
A: inability to drink after injury 2, inability to use devices
a: Renounce Religion, Draw Out Power


You were on level 6 of the Dungeon.
You worshipped Ru.
Ru was most pleased with you.
You visited 1 branch of the dungeon, and saw 6 of its levels.

You collected 180 gold pieces.

Inventory:

Hand Weapons
 a - a +3 hand axe (weapon)
Missiles
 i - 51 stones
 k - 5 poisoned darts (quivered)
Armour
 j - a +0 pair of boots (worn)
 s - a +0 chain mail (worn)
Jewellery
 t - an amulet of the acrobat (around neck)
 u - a +6 ring of strength (left hand)
Scrolls
 g - 4 scrolls of teleportation
 q - a scroll of torment
Potions
 b - a potion of brilliance
 c - 2 potions of ambrosia
 d - a potion of degeneration
 e - a potion of invisibility
 f - a potion of flight {unknown}
 h - 2 potions of lignification {unknown}
 l - a potion of cancellation {unknown}
 n - 2 potions of haste {unknown}
 o - 2 potions of berserk rage {unknown}
 p - a potion of experience {unknown}
 r - 3 potions of curing {unknown}


   Skills:
 + Level 8.7 Fighting
 - Level 9.0 Axes
 - Level 5.0 Armour
 - Level 2.4 Dodging
 - Level 1.5 Stealth


You had 7 spell levels left.
You didn't know any spells.
Your spell library contained the following spells:

 Spells                   Type           Power      Damage    Failure   Level
 Sting                    Tmut/Pois      0%         1d3       96%         1
 Passwall                 Tmut/Erth      0%         N/A       99%         2
 Poisonous Vapours        Pois/Air       0%         N/A       99%         2
 Portal Projectile        Hex/Tloc       0%         N/A       100%        3
 Stone Arrow              Conj/Erth      0%         3d7       100%        3
 Tukima's Dance           Hex            0%         N/A       100%        3
 Animate Armour           Summ/Erth      0%         N/A       100%        4
 Leda's Liquefaction      Hex/Erth       0%         N/A       100%        4
 Olgreb's Toxic Radiance  Pois           0%         N/A       100%        4
 Blade Hands              Tmut           0%         N/A       100%        5
 Statue Form              Tmut/Erth      0%         N/A       100%        6


Dungeon Overview and Level Annotations

Branches:
Dungeon (6/15)
 Temple: D:4-7

Altars:
Ashenzari
Gozag
Kikubaaqudgha
Makhleb
Okawaru
Ru
Xom


Innate Abilities, Weirdness & Mutations

You sometimes lose the ability to drink potions when taking damage.
You cannot study or use magical devices.


Message History

The hornet is severely wounded.
You feel sick. The hornet stings you!
You feel threatened and lose the ability to drink potions!
You feel yourself slow down.
You closely miss the hornet.
The hornet is severely wounded.
You feel sick.
You are no longer poisoned.
The hornet stings you.
You are poisoned.
You feel as though you will be slow longer.
The hornet stings you but does no damage.
Okay, then.
Throw: 7 darts (poison)
Press: ? - help, Q - select action, (/) - cycle Shift-Dir - straight line, f/p - hornet
Aim: a hornet (severely wounded, 48% to hit)
You throw a poisoned dart.
The poisoned dart completely misses the hornet.
You feel very sick. The hornet stings you!
* * * LOW HITPOINT WARNING * * *
You are more poisoned.
You feel as though you will be slow longer.
The hornet barely misses you.
You redirect the hornet's attack!
The hornet stings itself!
Throw: 6 darts (poison)
Press: ? - help, Q - select action, (/) - cycle Shift-Dir - straight line, f/p - hornet
Aim: a hornet (almost dead, not watching you, 48% to hit)
You throw a poisoned dart. The poisoned dart hits the hornet.
The hornet is poisoned.
The hornet is almost dead.
* * * LOW HITPOINT WARNING * * *
You feel very sick. The hornet stings you.
* * * LOW HITPOINT WARNING * * *
You are more poisoned.
You feel as though you will be slow longer.
The hornet stings you!
You die...

#....#
#.#.##
#.#.#
#.#.#
##.#.#
#<.#.#
#..#.#
#..#.#
#..#@#
#..#y#
#..#.#
#.....
##.#(##
..###
#. #. .


You could see a hornet (poisoned).

Vanquished Creatures
  Sigmund (D:2)
  An ice beast (D:5)
  An ogre (D:5)
  A centaur (D:5)
  2 scorpions (D:5)
  A wight (D:5)
  3 killer bees (D:5)
  2 howler monkeys (D:5)
  3 hounds (D:5)
  A gnoll bouda (D:5)
  2 orc priests
  Natasha (twice) (D:2)
  2 iguanas
  An orc wizard (D:5)
  3 gnolls (D:5)
  6 adders
  A white imp (D:5)
  An ufetubus (D:5)
  2 worms
  2 dart slugs (D:5)
  23 orcs
  6 ball pythons
  11 endoplasms
  A giant cockroach (D:4)
  10 goblins
  7 hobgoblins
  9 jackals
  3 kobolds (D:1)
  3 quokkas
  8 bats
  A frilled lizard (D:1)
  10 rats
130 creatures vanquished.

Notes
Turn   | Place    | Note
-------+----------+-------------------------------------------
     0 | D:1      | NinjaNoafa the Hill Orc Monk began the quest for the Orb.
     0 | D:1      | Reached XP level 1. HP: 19/19 MP: 1/1
    73 | D:1      | Reached skill level 1 in Armour
    73 | D:1      | Reached XP level 2. HP: 14/26 MP: 2/2
   449 | D:1      | You fall into a shaft and drop 1 floor!
   697 | D:2      | Reached XP level 3. HP: 30/31 MP: 3/3
   889 | D:1      | Reached skill level 5 in Axes
  1154 | D:1      | Got Sif Muna's Parchment of the Ground
  1296 | D:1      | Found a faded altar of an unknown god.
  1354 | D:1      | Prayed at the altar of an unknown god.
  1354 | D:1      | Became a worshipper of Ru the Awakened
  1355 | D:1      | Gained mutation: You occasionally lose the ability to drink
                  | potions when taking damage. [Ru sacrifice]
  1355 | D:1      | Gained mutation: You sometimes lose the ability to drink
                  | potions when taking damage. [Ru sacrifice]
  1355 | D:1      | Reached * piety under Ru
  1379 | D:2      | Noticed Sigmund
  1401 | D:3      | Reached XP level 4. HP: 11/40 MP: 4/4
  2013 | D:2      | Found a shimmering altar of Xom.
  2392 | D:2      | Killed Sigmund
  2393 | D:2      | Reached skill level 5 in Fighting
  2393 | D:2      | Reached skill level 7 in Axes
  2393 | D:2      | Reached XP level 5. HP: 29/48 MP: 5/5
  2393 | D:2      | Reached XP level 6. HP: 34/56 MP: 6/6
  2693 | D:2      | Noticed Natasha
  2698 | D:2      | Killed Natasha
  2783 | D:2      | Noticed Natasha
  2792 | D:2      | Killed Natasha
  3089 | D:3      | Found a faded altar of an unknown god.
  3094 | D:3      | Found an ancient bone altar of Kikubaaqudgha.
  3223 | D:3      | Found an iron altar of Okawaru.
  3909 | D:4      | Found a broken altar of Ashenzari.
  4213 | D:4      | Found a burning altar of Makhleb.
  4231 | D:4      | Gained mutation: You cannot study or use magical devices.
                  | [Ru sacrifice]
  4231 | D:4      | Reached ** piety under Ru
  4231 | D:4      | Reached *** piety under Ru
  4516 | D:5      | Entered Level 5 of the Dungeon
  4524 | D:5      | Reached XP level 7. HP: 61/61 MP: 7/7
  4543 | D:5      | Reached skill level 5 in Armour
  4788 | D:5      | Reached skill level 8 in Axes
  5296 | D:5      | Reached skill level 9 in Axes
  5310 | D:5      | Reached XP level 8. HP: 47/70 MP: 8/8
  5970 | D:5      | Found an opulent altar of Gozag.
  6326 | D:6      | Noticed a hornet
  6362 | D:6      | Slain by a hornet

Illustrated notes

Levels and vault maps discovered:
D:1:      lightli_arrival_quake, layout_basic,
          shapermc_ecumenical_altar_mp_highgroup, grunt_decor_mini_mirrors,
          minmay_pentomino_w2
D:2:      layout_basic, basic_altar, minivault_27, uniq_natasha, uniq_sigmund
D:3:      layout_basic, nicolae_overflow_ecumenical_swirl,
          mainiacjoe_overflow_alcove_4
D:4:      layout_loops_ring, bloody_makhleb, marbit_many_paths,
          kennysheep_another_room
D:5:      layout_loops_corners, grunt_gozag_statues, minmay_manual_moon
D:6:      layout_basic, zin_angel, serial_shops, nicolae_shop_stone,
          gammafunk_ghost_hive

Skill      XL: |  1  2  3  4  5  6  7  8 |
---------------+-------------------------+-----
Armour         | 1 3 4 5 |  5.0
Axes           | 5 7 9 |  9.0
Fighting       | 5 6 8 |  8.7
Dodging        | |  2.4
Stealth        | |  1.5

Action                   |  1- 3 |  4- 6 |  7- 9 || total
-------------------------+-------+-------+-------++-------
Melee: Hand axe          |   118 |   148 |   137 ||   403
       Punch             |     1 |     2 |       ||     3
Throw: Dart              |       |     6 |     3 ||     9
       Stone             |       |     3 |       ||     3
Invok: Sacrifice Drink   |     1 |       |       ||     1
       Sacrifice Artific |       |     1 |       ||     1
       Draw Out Power    |       |       |     1 ||     1
  Use: Scroll            |     6 |     3 |     4 ||    13
       Potion            |       |     2 |     1 ||     3
 Stab: Sleeping          |       |     1 |       ||     1
       Invisible         |       |       |     5 ||     5
       Distracted        |       |       |     1 ||     1
Armor: Ring mail         |    62 |    41 |       ||   103
       Chain mail        |       |     6 |    57 ||    63
Dodge: Dodged            |   108 |    81 |    78 ||   267

Table legend: (Time is in decaauts)
 A = Elapsed time spent in this place.
 B = Non-inter-level travel time spent in this place.
 C = Inter-level travel time spent in this place.
 D = Time resting spent in this place.
 E = Time spent auto-exploring this place.
 F = Levels seen in this place.
 G = Mean time per level.
                   A        B        C        D        E       F      G
               +--------+--------+--------+--------+--------+-----+--------+
         Total |   6366 |   6088 |    278 |      0 |   5134 |   6 | 1061.0 |
       Dungeon |   6366 |   6088 |    278 |      0 |   5134 |   6 | 1061.0 |
               +--------+--------+--------+--------+--------+-----+--------+

Top non-repeatable levels by time:
     D:5: 1792 daAuts
     D:4: 1199 daAuts
     D:2: 1176 daAuts
     D:3: 1079 daAuts
     D:1: 1075 daAuts
     D:6: 42 daAuts
